 Dungeon Crawl Stone Soup version 0.19.0-20-gbc5f0c6 (webtiles) character file.

17614 Larett the Slinger (level 12, -16/91 HPs)
             Began as a Gargoyle Artificer on Nov 17, 2016.
             Was an Elder of Hepliaklqana.
             Demolished by a tentacled starspawn (20 damage)
             ... on level 2 of the Abyss.
             The game lasted 01:11:46 (13048 turns).

Larett the Slinger (Gargoyle Artificer)            Turns: 13048, Time: 01:11:47

Health: -16/91     AC: 26    Str: 17    XL:     12   Next: 49%
Magic:  0/15       EV: -1    Int: 17    God:    Hepliaklqana [****..]
Gold:   773        SH:  0    Dex: 14    Spells: 0 memorised, 11 levels left

rFire  + . .     SeeInvis .     a - +0 short sword (elec)
rCold  + + .     Gourm    .     (armour currently unavailable)
rNeg   + + +     Faith    .     (no shield)
rPois  ∞         Spirit   +     (helmet currently unavailable)
rElec  +         Reflect  .     (cloak currently unavailable)
rCorr  +         Harm     .     (gloves currently unavailable)
MR     +....     NoTele   +     (boots currently unavailable)
Stlth  +.........               t - amulet of guardian spirit
                                X - ring of protection from cold
                                i - ring of protection from magic

@: confused, brilliant, tree-form (expiring), resistant, very slightly
contaminated, constricted, invisible
A: reduced essence, negative energy resistance 1, (electricity resistance),
(unbreathing), petrification resistance, rot immunity, AC +8
a: Recall Ancestor, Ancestor Identity, Transference, Idealise, Renounce Religion


You were on level 2 of the Abyss.
You worshipped Hepliaklqana.
Hepliaklqana was greatly pleased with you.
You were very hungry.
You were a tree.
You visited 3 branches of the dungeon, and saw 13 of its levels.
You visited the Abyss 1 time.

You collected 773 gold pieces.

Inventory:

Hand Weapons
 a - a +0 short sword of electrocution (weapon)
 b - a +4 hunting sling of velocity
 o - a +2 long sword of distortion {!w}
 A - a +0 dagger of freezing
 J - a +2 falchion of draining
 V - a +1 short sword of speed
Missiles
 k - 399 stones (quivered)
 w - 39 sling bullets
 B - 25 poisoned needles
Armour
 q - a +2 cloak (melded)
 G - a +4 scale mail of cold resistance (melded)
 Q - a +0 pair of gloves (melded)
 S - a +2 plate armour of fire resistance
 U - a +0 hat of magic resistance (melded)
Jewellery
 h - an uncursed ring of protection from fire
 i - a ring of protection from magic (left branch)
 t - an amulet of guardian spirit (around neck)
 D - an uncursed ring of positive energy
 X - a ring of protection from cold (right branch)
Wands
 c - a wand of flame (12/48)
 d - a wand of enslavement (11/24)
 e - a wand of random effects (15/48)
 l - a wand of iceblast (7/15)
 m - a wand of iceblast (1/15)
 v - a wand of confusion (18/48)
 x - a wand of disintegration (7/24)
 O - a wand of acid (4/15)
 P - a wand of hasting (3/9)
 Y - a wand of lightning (1/15)
Scrolls
 p - 4 scrolls of teleportation
 s - 2 scrolls of recharging
 z - 4 scrolls of remove curse
 C - a scroll of enchant armour
 F - 2 scrolls of amnesia {unknown}
 K - 2 scrolls of immolation
 T - 2 scrolls of noise {unknown}
Potions
 g - a potion of berserk rage
 r - 2 potions of agility
 W - a potion of magic
Comestibles
 f - 6 bread rations
 j - 7 meat rations
 n - 4 beef jerkies
 E - 17 fruits
 H - 7 slices of pizza


   Skills:
 - Level 5.3 Fighting
 - Level 10.9 Short Blades
 + Level 12.0 Slings
 - Level 4.3 Dodging
 - Level 5.8 Stealth
 - Level 4.9 Evocations


You had 11 spell levels left.
You didn't know any spells.

Dungeon Overview and Level Annotations

Branches:
Dungeon (9/15)             Temple (1/1) D:7            Lair (3/6) D:9
  Swamp: Lair:2-4    Shoals: Lair:2-4     Snake: Lair:2-4    Spider: Lair:2-4
    Orc: D:9-12

Altars:
Ashenzari
Cheibriados
Dithmenos
Elyvilon
Fedhas
Gozag
Hepliaklqana
Kikubaaqudgha
Makhleb
Okawaru
Qazlal
Ru
Sif Muna
Trog
Uskayaw
Vehumet
Yredelemnul


Innate Abilities, Weirdness & Mutations

You are resistant to torment.
((Your stone body is resilient. (AC +8)))
You are immune to poison.
You resist negative energy. (rN+)
((You are resistant to electric shocks. (rElec)))
((You can survive without breathing.))
You are immune to petrification.
You are immune to rotting.
Your life essence is reduced. (-10% HP)


Message History

A golden eye comes into view.
You feel better.
The iron imp shouts!
The starspawn tentacle constricts you. The golden eye blinks at you.
The starcursed mass engulfs you but does no damage.
The tentacled starspawn bites you but does no damage.
The tentacled starspawn engulfs you but does no damage.
You cannot teleport because you are held in place by your roots.
You cannot move.
You completely miss the golden eye.
Your transformation is almost over.
The golden eye blinks at you. The starspawn tentacle constricts you.
The golden eye blinks!
You swing at nothing.
The starcursed mass engulfs you!
* * * LOW HITPOINT WARNING * * *
The golden eye blinks at you.
You are confused.
The tentacled starspawn bites you!!
You die...

. .. . . #### #
#### ##. #.....
...# .. . #... #
...# # # ##.55..
...### #. . #
#..X.G###..##G.#.X
X . #
#.##...3X#......#..
. # ##. X w
#w♣#...#.#... %.
...#...5X#X#.###..
. # #. .# .
#.#..#.#G.. .# ...
#. .#
.##.######.##.# # .
. ###.##.# #....##.
. .. ... . .
..G#.#. # # ♣
.....# # ..X ....#.
. . ≈ #X#..#. . . X
.. . . ..# ..#. #
#.§


You could see a starcursed mass, 2 tentacled starspawn, a large abomination, a
neqoxec, a starspawn tentacle, an iron imp (wandering), a quasit (wandering), 4
golden eyes and an ufetubus.

Vanquished Creatures
  Harold (Lair:1)
  A hydra (Lair:2)
  A necromancer (Lair:3)
  A black mamba (Lair:3)
  2 rime drakes (Lair:2)
  6 spiny frogs
  8 blink frogs
  4 hogs (D:8)
  8 yaks
  A basilisk (Lair:2)
  A steam dragon (D:9)
  A porcupine (Lair:2)
  5 water moccasins
  3 orc warriors
  A hornet zombie (D:9)
  2 phantoms
  4 ogres
  8 wolves (Lair:1)
  3 crocodiles
  A big kobold (D:8)
  6 bullfrogs
  4 scorpions
  A wight (D:8)
  4 vampire bats
  3 electric eels (Lair:3)
  A crimson imp (D:8)
  2 basilisk zombies (Lair:3)
  A centaur zombie (D:6)
  3 orc priests
  A starcursed mass (Abyss:2)
  2 hounds
  A bullfrog skeleton (D:4)
  2 jellies
  7 orc wizards
  A gnoll shaman (D:5)
  3 iguanas
  A centaur skeleton (D:4)
  4 worker ants
  A crocodile zombie (Lair:3)
  A hound skeleton (D:5)
  Robin (D:2)
  3 gnolls (D:5)
  4 adders
  2 shadow imps
  A white imp (Abyss:2)
  An ooze (D:2)
  2 adder skeletons
  An adder zombie (D:8)
  A worm (D:3)
  3 dart slugs
  4 leopard geckos
  26 orcs
  A ball python (D:8)
  2 bat skeletons (D:3)
  4 bat zombies (D:3)
  4 giant cockroaches
  9 goblins
  5 hobgoblins
  4 jackals (D:8)
  8 kobolds
  4 quokkas
  A ball python skeleton (D:5)
  12 bats
  4 frilled lizards
  A jackal skeleton (D:8)
  2 leopard gecko zombies
  4 rats
  A starspawn tentacle (Abyss:2)
226 creatures vanquished.

Vanquished Creatures (collateral kills)
  Gastronok (D:9)
  A hydra (Lair:2)
  2 komodo dragons
  4 spiny frogs
  A blink frog (Lair:3)
  A human (D:8)
  A basilisk (Lair:2)
  A water moccasin (Lair:1)
  3 porcupines (Lair:2)
  A sky beast (D:8)
  2 ogres
  2 crocodiles
  3 bullfrogs
  A scorpion (D:8)
  An electric eel (Lair:3)
  A quasit (D:9)
  An orc priest (D:5)
  An orc wizard (D:9)
  A worker ant zombie (D:7)
  An adder (D:9)
  A shadow imp (D:9)
  A dart slug (D:2)
  3 orcs
  2 jackals (D:8)
  A butterfly (Lair:1)
38 creatures vanquished.

Vanquished Creatures (others)
  A vampire bat (D:3)
  An orc wizard (D:5)
  5 hexers
  6 ancestors
  An orc (D:8)
  A bat zombie (D:3)
  A fungus (Lair:3)
  7 starspawn tentacles (Abyss:2)
23 creatures vanquished.

Grand Total: 287 creatures vanquished

Notes
Turn   | Place    | Note
-------+----------+-------------------------------------------
     0 | D:1      | Larett the Gargoyle Artificer began the quest for the Orb.
     0 | D:1      | Reached XP level 1. HP: 12/12 MP: 2/2
    42 | D:1      | Reached skill level 1 in Short Blades
   126 | D:1      | Reached XP level 2. HP: 8/16 MP: 4/4
   935 | D:2      | Reached XP level 3. HP: 21/21 MP: 5/5
  1038 | D:2      | Reached skill level 2 in Fighting
  1392 | D:2      | Reached skill level 3 in Evocations
  1526 | D:2      | You fall through a shaft!
  1643 | D:2      | Noticed Robin
  1727 | D:1      | Reached XP level 4. HP: 26/26 MP: 6/6
  1741 | D:1      | Reached skill level 2 in Stealth
  1774 | D:2      | Reached skill level 2 in Dodging
  1790 | D:2      | Killed Robin
  2303 | D:3      | Found an ancient bone altar of Kikubaaqudgha.
  2345 | D:3      | Reached skill level 2 in Short Blades
  2352 | D:3      | Reached XP level 5. HP: 19/31 MP: 7/7
  2553 | D:3      | Reached skill level 3 in Fighting
  2815 | D:4      | Reached skill level 3 in Stealth
  2815 | D:4      | Reached XP level 6. HP: 37/37 MP: 8/8
  2869 | D:4      | Found a shattered altar of Ashenzari.
  3199 | D:4      | Reached skill level 3 in Dodging
  3287 | D:4      | Found a white marble altar of Elyvilon.
  3354 | D:5      | Entered Level 5 of the Dungeon
  3388 | D:5      | Reached XP level 7. HP: 42/42 MP: 9/9
  3518 | D:5      | Reached skill level 4 in Stealth
  3553 | D:5      | Reached skill level 3 in Short Blades
  3695 | D:5      | Reached skill level 4 in Evocations
  3698 | D:5      | Reached skill level 4 in Fighting
  4136 | D:6      | Reached XP level 8. HP: 48/48 MP: 11/11
  4271 | D:6      | Reached skill level 5 in Stealth
  4464 | D:6      | Found a blossoming altar of Fedhas.
  4516 | D:6      | Reached skill level 4 in Short Blades
  4516 | D:6      | Reached skill level 4 in Dodging
  4552 | D:6      | Reached skill level 5 in Fighting
  5107 | D:7      | Found a staircase to the Ecumenical Temple.
  5131 | Temple   | Entered the Ecumenical Temple
  5135 | Temple   | Reached XP level 9. HP: 51/54 MP: 12/12
  5361 | Temple   | Became a worshipper of Hepliaklqana the Forgotten
  5428 | D:7      | Reached skill level 5 in Short Blades
  5593 | D:7      | Reached skill level 6 in Short Blades
  5616 | D:7      | HP: 7/48 [orc warrior/mace (7)]
  5628 | D:7      | HP: 1/48 [orc warrior/mace (8)]
  6296 | D:8      | Reached skill level 7 in Short Blades
  6650 | D:8      | Reached * piety under Hepliaklqana
  6692 | D:8      | Reached skill level 8 in Short Blades
  6754 | D:8      | Reached skill level 9 in Short Blades
  6754 | D:8      | Reached XP level 10. HP: 19/53 MP: 13/13
  6979 | D:8      | Found a stormy altar of Qazlal.
  7146 | D:8      | Found an iron altar of Okawaru.
  7568 | D:9      | Noticed Gastronok
  7597 | D:9      | Killed Gastronok
  7597 | D:9      | Reached skill level 10 in Short Blades
  7995 | D:9      | Found a staircase to the Lair.
  8005 | Lair:1   | Entered Level 1 of the Lair of Beasts
  8065 | Lair:1   | Reached skill level 1 in Slings
  8084 | Lair:1   | Reached skill level 2 in Slings
  8182 | Lair:1   | Reached skill level 3 in Slings
  8372 | Lair:1   | Noticed a spiny frog
  8375 | Lair:1   | Noticed a spiny frog
  8379 | Lair:1   | Killed a spiny frog
  8379 | Lair:1   | Reached skill level 4 in Slings
  8392 | Lair:1   | Killed a spiny frog
  8646 | Lair:1   | Noticed a spiny frog
  8652 | Lair:1   | Killed a spiny frog
  8652 | Lair:1   | Reached skill level 5 in Slings
  8652 | Lair:1   | Reached XP level 11. HP: 47/57 MP: 14/14
  8689 | Lair:1   | Reached skill level 6 in Slings
  8945 | Lair:1   | HP: 8/57 [spiny frog (15)]
  8948 | Lair:1   | HP: 1/57 [blink frog (8)]
  9357 | Lair:1   | Reached skill level 7 in Slings
  9615 | Lair:1   | Noticed Harold
  9642 | Lair:1   | Killed Harold
 10288 | Lair:2   | Reached ** piety under Hepliaklqana
 10289 | Lair:2   | Remembered your ancestor Sosibius as a hexer
 10304 | Lair:2   | Reached skill level 8 in Slings
 10499 | Lair:2   | Noticed a six-headed hydra
 10510 | Lair:2   | Killed a six-headed hydra
 10510 | Lair:2   | Reached skill level 9 in Slings
 11052 | Lair:2   | Reached skill level 10 in Slings
 11123 | Lair:2   | Reached XP level 12. HP: 54/61 MP: 15/15
 11284 | Lair:2   | Noticed a four-headed hydra
 11295 | Lair:2   | Killed a four-headed hydra
 11545 | Lair:2   | Reached *** piety under Hepliaklqana
 11790 | Lair:2   | Reached skill level 11 in Slings
 12712 | Lair:3   | Reached skill level 12 in Slings
 12715 | Lair:3   | You are cast into the Abyss!
 12715 | Lair:3   | Cast into level 2 of the Abyss (a distortion unwield)
 12721 | Abyss:2  | Found a corrupted altar of Lugonu.
 12768 | Abyss:2  | Noticed a thrashing horror
 12769 | Abyss:2  | Noticed a thrashing horror
 12793 | Abyss:2  | Noticed a reaper
 12812 | Abyss:2  | Noticed an ironheart preserver
 12822 | Abyss:2  | Noticed an ironheart preserver
 12879 | Abyss:2  | Noticed a thrashing horror
 12914 | Abyss:2  | Reached **** piety under Hepliaklqana
 12932 | Abyss:2  | Found a corrupted altar of Lugonu.
 12947 | Abyss:2  | Noticed a starcursed mass
 12956 | Abyss:2  | Paralysed by accursed screaming for 1 turns
 12996 | Abyss:2  | Noticed a tentacled starspawn
 12997 | Abyss:2  | Noticed a tentacled starspawn
 13023 | Abyss:2  | HP: 11/61 [starcursed mass/accursed screaming (5)]
 13030 | Abyss:2  | HP: 17/91 [starcursed mass/accursed screaming (6)]
 13038 | Abyss:2  | HP: 11/91 [tentacled starspawn (11)]
 13043 | Abyss:2  | HP: 6/91 [tentacled starspawn (1)]
 13045 | Abyss:2  | HP: 1/91 [starcursed mass (2)]
 13048 | Abyss:2  | Demolished by a tentacled starspawn

Skill      XL: |  1  2  3  4  5  6  7  8  9 10 11 12 |
---------------+-------------------------------------+-----
Short Blades   | 1 2 3 4 9 10 | 10.9
Fighting       | 2 3 4 5 |  5.3
Evocations     | 3 4 |  4.9
Stealth        | 2 3 4 5 |  5.8
Dodging        | 2 3 4 |  4.3
Slings         | 5 10 12 | 12.0

Action                   |  1- 3 |  4- 6 |  7- 9 | 10-12 || total
-------------------------+-------+-------+-------+-------++-------
Melee: Short sword       |   144 |    65 |   130 |   250 ||   589
       Falchion          |       |     5 |    37 |       ||    42
       Long sword        |       |       |       |    29 ||    29
       Dagger            |       |       |       |     1 ||     1
 Fire: Hunting sling     |       |   138 |   218 |   335 ||   691
Invok: Ancestor Life: He |       |       |       |     1 ||     1
       Recall Ancestor   |       |       |       |     3 ||     3
Evoke: Wand              |     1 |     5 |     7 |     8 ||    21
  Use: Scroll            |     6 |     4 |     5 |    14 ||    29
       Potion            |       |       |     2 |    12 ||    14
 Stab: Sleeping          |     1 |       |     1 |       ||     2
       Fleeing           |       |       |       |     1 ||     1
       Distracted        |       |       |       |     4 ||     4
       Confused          |       |       |       |     1 ||     1
  Eat: Chunk             |     2 |     6 |    10 |    16 ||    34
       Fruit             |       |       |       |     2 ||     2
       Pizza             |       |       |       |     1 ||     1
Armor: Leather armour    |    35 |       |       |       ||    35
       Ring mail         |    21 |       |       |       ||    21
       Plate armour      |    41 |   323 |    13 |       ||   377
       Scale mail        |       |       |   147 |   309 ||   456
       Skin              |       |       |       |    16 ||    16
Dodge: Dodged            |   103 |   101 |   143 |   199 ||   546
       Rpst.: Falchion   |       |       |     4 |       ||     4
       Long sword        |       |       |       |     2 ||     2
